 Dungeon Crawl Stone Soup version 0.31-a0-983-g7b6862f502 (webtiles) character file.

Game seed: 14626121653149216110

58 Firecrotchwizard the Insei (level 3, -2/27 HPs)
             Began as a Demonspawn Shapeshifter on Nov 3, 2023.
             Slain by Sigmund
             ... wielding a +0 scythe
              (11 damage)
             ... on level 2 of the Dungeon.
             The game lasted 00:02:55 (930 turns).

Firecrotchwizard the Insei (Demonspawn Shapeshifter) Turns: 930, Time: 00:02:55

Health: -2/27      AC:  2    Str: 14    XL:     3   Next: 76%
Magic:  3/3        EV: 12    Int: 11    God:
Gold:   27         SH:  0    Dex: 14    Spells: 2/2 levels left

rFire   . . .        h - +1 falchion (elec)
rCold   . . .        (no shield)
rNeg    . . .        a - +0 animal skin
rPois   .            (helmet currently unavailable)
rElec   .            (cloak currently unavailable)
rCorr   .            (gloves currently unavailable)
SInv    .            (boots currently unavailable)
Will    .....        (no amulet)
Stlth   +            (no ring)
HPRegen 0.24/turn    (no ring)
MPRegen 0.08/turn

%: no passive effects
@: beast-form
A: beast (slay +1), horns 1
a: Begin Untransformation


You were on level 2 of the Dungeon.
You were a hulking beast.
You visited 1 branch of the dungeon, and saw 2 of its levels.

You collected 27 gold pieces.

Inventory:

Hand Weapons
 h - a +1 falchion of electrocution (weapon)
Armour
 a - a +0 animal skin (worn)
Talismans
 c - a beast talisman
 d - a flux talisman
Scrolls
 f - 2 scrolls of identify {unknown}
 g - a scroll of blinking {unknown}
 i - a scroll of fear {unknown}
 j - a scroll of enchant weapon {unknown}
Potions
 b - a potion of curing {unknown}
 e - 3 potions of degeneration {unknown}


   Skills:
 + Level 2.2 Fighting
 - Level 1.7 Dodging
 + Level 3.3 Unarmed Combat
 + Level 3.2 Shapeshifting


You had 2 spell levels left.
You didn't know any spells.
Your spell library was empty.

Dungeon Overview and Level Annotations

Branches:
Dungeon (2/15)

Altars:

Annotations:
D:2 Sigmund


Innate Abilities, Weirdness & Mutations

You are a hulking beast.
Your limbs bulge with bestial killing power. (Slay +1)
You have a pair of small horns on your head.


Message History

The adder bites you but does no damage.
You closely miss the adder.
The adder is almost dead.
The adder bites you.
You are poisoned.
The adder poisons you! The adder misses you.
You closely miss the adder. Your headbutt misses the adder.
The adder is almost dead.
You feel sick. The adder closely misses you.
The adder bites you but does no damage.
You miss the adder.
The adder is almost dead.
You feel sick. The adder bites you.
You are more poisoned.
The adder poisons you!
You slash the adder! Lightning courses through the adder!
You kill the adder!
You feel very sick. The endoplasm hits you. x2
You hit the endoplasm.
Lightning courses through the endoplasm!
You kill the endoplasm!
You feel sick.
You feel sick.
You feel sick.
You feel sick.
You feel sick.
You feel sick.
You are no longer poisoned.
e - 3 blue potions (gained 2)
A quokka and a frilled lizard come into view.
A rat comes into view.
You closely miss the quokka. You headbutt the quokka.
The quokka is moderately wounded.
The quokka bites you.
You slash the quokka!
You kill the quokka!
The frilled lizard closely misses you. x2
You completely miss the frilled lizard. The frilled lizard barely misses you.
The rat bites you but does no damage.
You barely miss the rat. The frilled lizard bites you.
The rat closely misses you.
You slash the rat!
You kill the rat!
The frilled lizard closely misses you.
The frilled lizard bites you but does no damage.
You closely miss the frilled lizard. You headbutt the frilled lizard.
The frilled lizard is heavily wounded.
The frilled lizard bites you but does no damage.
You slash the frilled lizard!
You kill the frilled lizard!
j - a scroll labelled BAWNIS PUSHRYU A jackal comes into view.
Found a scroll labelled KILAEVINTE.
The jackal barks!
You hear a bark!
A jackal comes into view. x2
The jackal moves out of view.
The jackal barks!
You closely miss the jackal. You headbutt the jackal.
The jackal is heavily wounded.
Sigmund the Dreaded comes into view.
He is wielding a +0 scythe.
The jackal bites you.
A jackal comes into view.
You slash the jackal! Lightning courses through the jackal!!
You kill the jackal!
A jackal comes into view.
The jackal attacks as it pursues you! The jackal misses you.
You hit the jackal. Lightning courses through the jackal!!
You kill the jackal!
You hit the jackal.
The jackal is severely wounded.
The jackal bites you. x2
You barely miss the jackal. Your punch misses the jackal.
The jackal is severely wounded.
The jackal bites you but does no damage.
Sigmund smiles chillingly.
Sigmund casts a spell.
Sigmund flickers and vanishes!
Deactivating autopickup; reactivate with Ctrl-A.
The jackal closely misses you. Something hits you.
You hear a bark!
The jackal barks!
You slash the jackal!
You kill the jackal!
You hear some strange, mumbled words.
A puff of flame appears from out of thin air!
The puff of flame hits you!
* * * LOW HITPOINT WARNING * * *
A jackal comes into view.
You hear some strange, mumbled words.
Something tries to affect you, but you resist.
The jackal barks!
You see here a jackal corpse.
You miss something. Your headbutt misses something. Something hits you.
* * * LOW HITPOINT WARNING * * *
You closely miss something. The jackal barely misses you. x2
Something hits you!
You die...

..###....####....#####
..##......#..........#
..##......#....h.....#
..#..................#
....#................#
....#.....†#...##..#
..............# #..##
...##....#....###{..#
..##########...hhh..#
..# #.##.#...# ###
####.......# ##......#
#........ ########..
..


You could see 2 jackals.

Vanquished Creatures
  3 adders (D:2)
  An orc (D:2)
  2 ball pythons
  3 endoplasms
  3 goblins (D:1)
  4 hobgoblins
  3 jackals (D:2)
  A quokka (D:2)
  4 bats (D:1)
  2 frilled lizards
  2 kobolds (D:1)
  2 rats (D:2)
30 creatures vanquished.

Notes
Turn   | Place    | Note
-------+----------+-------------------------------------------
     0 | D:1      | Firecrotchwizard the Demonspawn Shapeshifter began the
                  | quest for the Orb.
     0 | D:1      | Reached XP level 1. HP: 15/15 MP: 1/1
   184 | D:1      | Gained mutation: You have a pair of small horns on your
                  | head. [demonic ancestry]
   184 | D:1      | Reached XP level 2. HP: 1/21 MP: 2/2
   684 | D:2      | Reached XP level 3. HP: 14/27 MP: 3/3
   918 | D:2      | Noticed Sigmund
   930 | D:2      | Slain by Sigmund

Illustrated notes

Levels and vault maps discovered:
D:1:      nagdon_arrival_zigzag_paths, layout_rooms
D:2:      layout_rooms, uniq_sigmund

Skill      XL: |  1  2  3 |
---------------+----------+-----
Unarmed Combat | 3 |  3.3
Shapeshifting  | 3 |  3.2
Fighting       | 2 |  2.2
Dodging        | |  1.7

Action                     || total
---------------------------++-------
  Melee: Unarmed           ||    59
         Punch             ||     4
         Headbutt          ||     8
         Falchion          ||    28
    Use: Potion            ||     1
   Stab: Sleeping          ||     1
 Armour: Animal skin       ||    51
         Skin              ||     1
  Dodge: Dodged            ||    46

Table legend: (Time is in decaauts)
 A = Elapsed time spent in this place.
 B = Non-inter-level travel time spent in this place.
 C = Inter-level travel time spent in this place.
 D = Time resting spent in this place.
 E = Time spent auto-exploring this place.
 F = Levels seen in this place.
 G = Mean time per level.
                   A        B        C        D        E       F      G
               +--------+--------+--------+--------+--------+-----+--------+
         Total |    935 |    926 |      9 |    133 |    596 |   2 |  467.5 |
       Dungeon |    935 |    926 |      9 |    133 |    596 |   2 |  467.5 |
               +--------+--------+--------+--------+--------+-----+--------+

Top non-repeatable levels by time:
     D:1: 699 daAuts
     D:2: 235 daAuts
